 Dungeon Crawl Stone Soup version 0.30-a0-1116-gebefce21f7 (webtiles) character file.

Game seed: 9092547863818917981

58 jasper the Grave Robber (level 3, -3/16 HPs)
             Began as a Spriggan Necromancer on Apr 21, 2023.
             Slain by a goblin
             ... wielding a +0 dagger
             ... led by Robin
              (5 damage)
             ... on level 2 of the Dungeon.
             The game lasted 00:02:40 (1251 turns).

jasper the Grave Robber (Spriggan Necromancer)      Turns: 1251, Time: 00:02:41

Health: -3/16      AC:  2    Str:  4    XL:     3   Next: 75%
Magic:  9/9        EV: 17    Int: 18    God:
Gold:   113        SH:  0    Dex: 15    Spells: 6/10 levels left

rFire   . . .      SeeInvis +    c - +0 club
rCold   . . .      Faith    .    (no shield)
rNeg    . . .      Spirit   .    a - +0 robe
rPois   .          Reflect  .    (helmet restricted)
rElec   .          Rampage  .    (no cloak)
rCorr   .                        (gloves unavailable)
Will    .....                    (boots unavailable)
Stlth   ++                       (no amulet)
HPRegen 0.22/turn                (no ring)
MPRegen 0.11/turn                (no ring)

@: lethally poisoned (-3 -> -7), very quick
A: very small, no large weapons, unfitting armour, see invisible, speed 3
a: no special abilities


You were on level 2 of the Dungeon.
You visited 1 branch of the dungeon, and saw 2 of its levels.

You collected 113 gold pieces.

Inventory:

Hand Weapons
 c - a +0 club (weapon)
 g - a +0 sling
Armour
 a - a +0 robe (worn)
Potions
 d - a potion of curing {unknown}
 e - a potion of attraction {unknown}
 f - a potion of ambrosia {unknown}


   Skills:
 - Level 2.6 Dodging
 - Level 3.0 Stealth
 + Level 4.1 Spellcasting
 + Level 4.3 Necromancy


You had 6 spell levels left.
You knew the following spells:

 Your Spells              Type           Power      Damage    Failure   Level
a - Necrotise             Necr           76%        1d7       2%          1
b - Vampiric Draining     Necr           19%        2d7       8%          3

Your spell library contained the following spells:

 Spells                   Type           Power      Damage    Failure   Level
 Animate Dead             Necr           19%        N/A       24%         4
 Agony                    Necr           19%        N/A       56%         5


Dungeon Overview and Level Annotations

Branches:
Dungeon (2/15)

Altars:

Annotations:
D:2 Robin


Innate Abilities, Weirdness & Mutations

You are very small and have problems with some larger weapons.
You are too small for most types of armour.
You have supernaturally acute eyesight. (SInv)
You cover ground extremely quickly. (Speed+++)


Message History

You miss the goblin. The adder bites you. The adder misses you.
The goblin hits you but does no damage.
You take 3 damage, and have 11/16 hp.
You aren't carrying any scrolls.
You aren't carrying any items that you can evoke.
Okay, then.
Aiming: Necrotise (safe; 2% risk of failure)
Press: ? - help, Q - select action Shift-Dir - straight line, f/p - Robin
Aim: Robin, wielding a +0 whip, wearing a +2 animal skin, wearing a +0 helmet and carrying a wand of polymorph (5) (almost dead, chance to affect: 84%)
The adder writhes in agony.
The goblin shouts!
The adder closely misses you. The goblin closely misses you.
The goblin misses you.
Aiming: Necrotise (safe; 2% risk of failure)
Press: ? - help, Q - select action Shift-Dir - straight line, f/p - Robin
Aim: Robin, wielding a +0 whip, wearing a +2 animal skin, wearing a +0 helmet and carrying a wand of polymorph (5) (almost dead, chance to affect: 84%)
The adder writhes in agony.
The adder misses you. The goblin hits you with a +0 dagger.
The goblin closely misses you. The adder barely misses you.
You take 6 damage, and have 5/16 hp.
MASSIVE DAMAGE!!
You now have 2/9 mp.
Aiming: Necrotise (safe; 2% risk of failure)
Press: ? - help, Q - select action Shift-Dir - straight line, f/p - Robin
Aim: Robin, wielding a +0 whip, wearing a +2 animal skin, wearing a +0 helmet and carrying a wand of polymorph (5) (almost dead, chance to affect: 84%)
The adder writhes in agony.
The goblin barely misses you. The goblin closely misses you.
The adder misses you.
You now have 1/9 mp.
Aiming: Necrotise (safe; 2% risk of failure)
Press: ? - help, Q - select action Shift-Dir - straight line, f/p - Robin
Aim: Robin, wielding a +0 whip, wearing a +2 animal skin, wearing a +0 helmet and carrying a wand of polymorph (5) (almost dead, chance to affect: 84%)
The adder writhes in agony.
The adder misses you. The goblin closely misses you. x2
You now have 0/9 mp.
Magic courses through your body. The adder bites you.
* * * LOW HITPOINT WARNING * * *
You are lethally poisoned!
The adder poisons you!
Robin says, "Bow before me, strongest of all the hobgoblins!"
The goblin hits you with a +0 dagger.
You die...

.....###.#####.#### #Z##.#......#
.....##...........###.[..#.......
.....#########.##........Z.......
.....# #.########..........
.....# #.# #..#........ .....#
#.# ...>.#.......< .....# #.#
(....##........ .....#
##.###.#.## #........ ######
#..g@g...# #........ ####S#####
#........


gr# gbgg ...gg. ........ .......... ............ You could see Robin, an adder,
2 hobgoblins, 5 goblins, a bat and a rat.

Vanquished Creatures
  2 adders (D:2)
  3 dart slugs
  A bat (D:1)
  3 endoplasms (D:1)
  A giant cockroach (D:1)
  3 goblins
  3 hobgoblins (D:1)
  2 quokkas
  3 ball pythons
  4 frilled lizards
  3 rats
28 creatures vanquished.

Vanquished Creatures (collateral kills)
  An endoplasm (D:1)
  A goblin (D:1)
  A hobgoblin (D:1)
  A bat (D:1)
4 creatures vanquished.

Vanquished Creatures (others)
  A plant (D:1)
1 creature vanquished.

Grand Total: 33 creatures vanquished

Notes
Turn   | Place    | Note
-------+----------+-------------------------------------------
     0 | D:1      | jasper the Spriggan Necromancer began the quest for the
                  | Orb.
     0 | D:1      | Reached XP level 1. HP: 9/9 MP: 5/5
   200 | D:1      | Reached XP level 2. HP: 13/13 MP: 0/7
   854 | D:2      | Reached XP level 3. HP: 16/16 MP: 6/9
   858 | D:2      | Learned a level 3 spell: Vampiric Draining
  1238 | D:2      | Noticed Robin
  1251 | D:2      | Slain by a goblin

Illustrated notes

Levels and vault maps discovered:
D:1:      scummos_arrival_checkerplants, layout_rooms, serial_bayou_ford_a
D:2:      layout_rooms, uniq_robin

Skill      XL: |  1  2  3 |
---------------+----------+-----
Spellcasting   | 3 4 |  4.1
Necromancy     | 4 |  4.3
Dodging        | |  2.6
Stealth        | |  3.0

Action                     || total
---------------------------++-------
  Melee: Unarmed           ||     3
         Club              ||     1
   Cast: Necrotise         ||    74
    Use: Potion            ||     1
 Armour: Robe              ||     2
  Dodge: Dodged            ||    23

Table legend: (Time is in decaauts)
 A = Elapsed time spent in this place.
 B = Non-inter-level travel time spent in this place.
 C = Inter-level travel time spent in this place.
 D = Time resting spent in this place.
 E = Time spent auto-exploring this place.
 F = Levels seen in this place.
 G = Mean time per level.
                   A        B        C        D        E       F      G
               +--------+--------+--------+--------+--------+-----+--------+
         Total |   1030 |   1014 |     16 |     42 |    777 |   2 |  515.0 |
       Dungeon |   1030 |   1014 |     16 |     42 |    777 |   2 |  515.0 |
               +--------+--------+--------+--------+--------+-----+--------+

Top non-repeatable levels by time:
     D:1: 672 daAuts
     D:2: 357 daAuts
